 Dungeon Crawl Stone Soup version 0.29-a0-330-g52719c12eb (webtiles) character file.

Game seed: 16848774810809421274

361 kae the Firebug (level 6, -2/35 HPs)
             Began as a Deep Elf Fire Elementalist on Apr 19, 2022.
             Slain by a gnoll
             ... wielding a +0 club
              (6 damage)
             ... on level 3 of the Dungeon.
             The game lasted 00:02:35 (4462 turns).

kae the Firebug (Deep Elf Fire Elementalist)        Turns: 4462, Time: 00:02:36

Health: -2/35      AC:  2    Str:  5    XL:     6   Next: 38%
Magic:  3/15       EV: 12    Int: 22    God:
Gold:   128        SH:  0    Dex: 15    Spells: 5/14 levels left

rFire   . . .      SeeInvis .   d - +2 short sword (venom)
rCold   . . .      Faith    .   (no shield)
rNeg    . . .      Spirit   .   a - +0 robe
rPois   .          Reflect  .   (no helmet)
rElec   .          Harm     .   (no cloak)
rCorr   .          Rampage  .   (no gloves)
Will    .....                   (no boots)
Stlth   ++........              (no amulet)
HPRegen 0.11/turn               (no ring)
MPRegen 0.14/turn               (no ring)

@: about to teleport
A: no striking features
a: no special abilities


You were on level 3 of the Dungeon.
You visited 1 branch of the dungeon, and saw 3 of its levels.

You collected 128 gold pieces.

Inventory:

Hand Weapons
 d - a +2 short sword of venom (weapon)
Armour
 a - a +0 robe (worn)
Scrolls
 c - a scroll of identify
 f - 2 scrolls of vulnerability
 k - a scroll of teleportation
 l - a scroll of brand weapon
Potions
 b - a potion of magic
 e - a potion of brilliance
 g - 2 potions of curing
 i - a potion of heal wounds
 j - 2 potions of attraction {unknown}
 m - 2 potions of flight {unknown}


   Skills:
 + Level 2.1 Fighting
 - Level 2.4 Dodging
 - Level 2.4 Stealth
 + Level 4.8 Spellcasting
 + Level 3.2 Conjurations
 * Level 5.6 Fire Magic


You had 5 spell levels left.
You knew the following spells:

 Your Spells              Type           Power      Damage    Failure   Level
a - Foxfire               Conj/Fire      96%        2x1d8     1%          1
b - Scorch                Fire           60%        2d8       1%          2
c - Conjure Flame         Conj/Fire      24%        6-21      4%          3
d - Inner Flame           Hex/Fire       17%        N/A       10%         3

Your spell library contained the following spells:

 Spells                   Type           Power      Damage    Failure   Level
 Slow                     Hex            20%        N/A       11%         1
 Blink                    Tloc           10%        N/A       16%         2
 Flame Wave               Conj/Fire      24%        2d7       17%         4
 Confusing Touch          Hex            5%         N/A       30%         3
 Lesser Beckoning         Tloc           5%         N/A       30%         3
 Ozocubu's Armour         Ice            5%         N/A       30%         3
 Vampiric Draining        Necr           5%         2d6       30%         3
 Manifold Assault         Tloc           5%         N/A       96%         5
 Metabolic Englaciation   Hex/Ice        2%         N/A       96%         5
 Simulacrum               Ice/Necr       2%         N/A       100%        6


Dungeon Overview and Level Annotations

Branches:
Dungeon (3/15)

Altars:

Annotations:
D:3 1 runed translucent door, Flugslaktarn's ghost, amateur HuVM


Message History

The gnoll shaman hits you with a +0 whip.
You hit the gnoll shaman but do no damage.
The gnoll shaman is poisoned.
The gnoll shaman is severely wounded.
The gnoll shaman hits you but does no damage.
You closely miss the gnoll shaman.
The gnoll shaman is severely wounded.
The gnoll shaman hits you with a +0 whip.
The gnoll shaman mumbles some strange prayers to its god.
The gnoll shaman is healed somewhat.
You barely miss the gnoll shaman.
The gnoll shaman is severely wounded.
The gnoll shaman hits you but does no damage.
You hit the gnoll shaman.
The gnoll shaman is almost dead.
The gnoll shaman utters an invocation to its god.
The gnoll shaman is healed somewhat.
You hit the gnoll shaman.
The gnoll shaman is almost dead.
The gnoll shaman hits you but does no damage.
You barely miss the gnoll shaman.
The gnoll shaman is almost dead.
The gnoll shaman hits you but does no damage.
You barely miss the gnoll shaman.
The gnoll shaman is almost dead.
The gnoll shaman hits you but does no damage.
You puncture the gnoll shaman!
You kill the gnoll shaman!
You feel less wooden.
Your +0 robe unmelds from your body.
The gnoll barely misses you.
As you read the scroll of teleportation, it crumbles to dust.
You feel strangely unstable. The gnoll barely misses you. x2
The gnoll hits you with a +0 club.
* * * LOW HITPOINT WARNING * * *
The gnoll attacks as you move away! The gnoll barely misses you.
The gnoll hits you with a +0 club.
* * * LOW HITPOINT WARNING * * *
Found a metallic amethyst potion.
The gnoll attacks as you move away! The gnoll hits you with a +0 club.
You die...

**,** *, #..!# *,
###...### *,
#.......#******* *,
*.......,,,,,,,* *,
*,.....,******,*****,
**#...#** *,,,,,,,
####...# *******,
#....@### **
#.#..$g.#
*,#.###.##########
*...* #.g))......#
###,**#)########.#
### *.....#***** #.#
#.. *#.....,,,,*
#.###.#
#..###**#.###gg....
#..# #....g.....


You could see 2 gnolls.

Vanquished Creatures
  A scorpion (D:3)
  A gnoll shaman (D:3)
  An orc priest (D:3)
  An iguana (D:2)
  7 gnolls
  5 adders
  3 dart slugs
  4 worms
  10 orcs (D:3)
  7 ball pythons
  7 endoplasms
  A giant cockroach (D:3)
  6 goblins
  5 hobgoblins
  5 quokkas
  6 bats
  3 frilled lizards (D:1)
  8 kobolds
  8 rats
89 creatures vanquished.

Vanquished Creatures (others)
  231 foxfires
  2 withered plants (D:3)
233 creatures vanquished.

Grand Total: 322 creatures vanquished

Notes
Turn   | Place    | Note
-------+----------+-------------------------------------------
     0 | D:1      | kae the Deep Elf Fire Elementalist began the quest for the
                  | Orb.
     0 | D:1      | Reached XP level 1. HP: 10/10 MP: 6/6
   231 | D:1      | Reached XP level 2. HP: 15/15 MP: 4/8
  1066 | D:1      | Learned a level 2 spell: Scorch
  1118 | D:1      | Reached XP level 3. HP: 13/20 MP: 3/9
  1286 | D:1      | Reached skill level 4 in Fire Magic
  1487 | D:2      | Reached skill level 1 in Fighting
  2065 | D:2      | Reached XP level 4. HP: 20/25 MP: 4/11
  2715 | D:2      | Learned a level 3 spell: Conjure Flame
  2719 | D:2      | Learned a level 3 spell: Inner Flame
  3012 | D:2      | Reached XP level 5. HP: 29/29 MP: 9/13
  3122 | D:2      | Found a faded altar of an unknown god.
  3635 | D:3      | Reached skill level 5 in Fire Magic
  3876 | D:3      | Reached XP level 6. HP: 35/35 MP: 7/14
  4201 | D:3      | Found a runed translucent door.
  4201 | D:3      | Noticed Flugslaktarn's ghost (amateur HuVM)
  4462 | D:3      | Slain by a gnoll

Illustrated notes

Levels and vault maps discovered:
D:1:      dpeg_arrival_ternary, layout_loops_ring
D:2:      minmay_thinvault, layout_rooms, basic_ecumenical_altar,
          dreamdust_princess_corridor
D:3:      layout_loops_ring, serial_aquarium, aquarium_bridge_long_joined
          [aquarium_subvault_balcony, aquarium_subvault_window,
          aquarium_subvault_bridge, aquarium_subvault_window,
          aquarium_subvault_window, aquarium_subvault_bridge],
          aquarium_bridge_square [aquarium_subvault_bridge,
          aquarium_subvault_bridge, aquarium_subvault_balcony,
          aquarium_subvault_balcony], aquarium_window_1,
          aquarium_window_corridor_2, aquarium_window_fake, aquarium_window_2,
          aquarium_view_2c, gammafunk_ghost_grave

Skill      XL: |  1  2  3  4  5  6 |
---------------+-------------------+-----
Fire Magic     | 4 5 |  5.6
Fighting       | 1 2 |  2.1
Conjurations   | 2 3 |  3.2
Spellcasting   | 4 |  4.8
Dodging        | |  2.4
Stealth        | |  2.4

Action                   |  1- 3 |  4- 6 || total
-------------------------+-------+-------++-------
Melee: Unarmed           |     3 |    18 ||    21
       Short sword       |       |    11 ||    11
 Cast: Foxfire           |    72 |    79 ||   151
       Scorch            |    12 |    26 ||    38
       Conjure Flame     |       |     2 ||     2
  Use: Potion            |       |     4 ||     4
       Scroll            |       |     7 ||     7
Armor: Robe              |     4 |     7 ||    11
       Skin              |       |    23 ||    23
Dodge: Dodged            |    18 |    38 ||    56

Table legend: (Time is in decaauts)
 A = Elapsed time spent in this place.
 B = Non-inter-level travel time spent in this place.
 C = Inter-level travel time spent in this place.
 D = Time resting spent in this place.
 E = Time spent auto-exploring this place.
 F = Levels seen in this place.
 G = Mean time per level.
                   A        B        C        D        E       F      G
               +--------+--------+--------+--------+--------+-----+--------+
         Total |   4465 |   4392 |     73 |    248 |   3464 |   3 | 1488.3 |
       Dungeon |   4465 |   4392 |     73 |    248 |   3464 |   3 | 1488.3 |
               +--------+--------+--------+--------+--------+-----+--------+

Top non-repeatable levels by time:
     D:2: 1932 daAuts
     D:1: 1375 daAuts
     D:3: 1157 daAuts
